 Dungeon Crawl Stone Soup version 0.31-a0-233-g139696dc86 (webtiles) character file.

Game seed: 13111906417696784493

43 qw the Shooter (level 3, 0/29 HPs)
             Began as a Minotaur Hexslinger on July 7, 2023.
             Slain by Sigmund
             ... wielding a +0 scythe
              (7 damage)
             ... on level 2 of the Dungeon.
             The game lasted 00:00:22 (921 turns).

qw the Shooter (Minotaur Hexslinger)                 Turns: 921, Time: 00:00:23

Health: 0/29       AC:  2    Str: 12    XL:     3   Next: 37%
Magic:  3/3        EV: 12    Int: 10    God:
Gold:   66         SH:  0    Dex: 14    Spells: 3/4 levels left

rFire   . . .        Y - +1 sling
rCold   . . .        (no shield)
rNeg    . . .        c - +0 robe
rPois   .            (helmet restricted)
rElec   .            (no cloak)
rCorr   .            (no gloves)
SInv    .            (no boots)
Will    .....        (no amulet)
Stlth   +            (no ring)
HPRegen 0.24/turn    (no ring)
MPRegen 0.08/turn

%: no passive effects
@: no status effects
A: horns 2, retaliatory headbutt
a: no special abilities


You were on level 2 of the Dungeon.
You visited 1 branch of the dungeon, and saw 2 of its levels.

You collected 66 gold pieces.


Innate Abilities, Weirdness & Mutations

You have a pair of horns on your head.
You reflexively headbutt those who attack you in melee.


   Skills:
 - Level 2.0 Fighting
 + Level 4.0 Ranged Weapons
 - Level 2.1 Dodging
 - Level 1.0 Spellcasting
 - Level 2.0 Hexes


You had 3 spell levels left.
You knew the following spells:

 Your Spells              Type           Power      Damage    Failure   Level
a - Slow                  Hex            16%        N/A       16%         1

Your spell library contained the following spells:

 Spells                   Type           Power      Damage    Failure   Level
 Inner Flame              Hex/Fire       2%         N/A       56%         3
 Portal Projectile        Hex/Tloc       4%         N/A       56%         3
 Cause Fear               Hex            2%         N/A       83%         4

Inventory:

Hand Weapons
 Y - a +1 sling (weapon)
Armour
 c - a +0 robe (worn)
Scrolls
 a - 2 scrolls of fear {unknown}
Potions
 f - a potion of heal wounds {unknown}

Dungeon Overview and Level Annotations

Branches:
Dungeon (2/15)

Altars:

Annotations:
D:2 Sigmund


Message History

Enter note: You shoot a sling bullet.
The sling bullet hits the goblin.
You kill the goblin!
Your Ranged Weapons skill increases to level 4!
You now have 66 gold pieces (gained 9).
Sigmund the Dreaded comes into view.
He is wielding a +0 scythe.
Sigmund shouts!
Sigmund points at you and mumbles some strange words.
You are confused.
Enter note:
Enter note:
909 ||| DRINKING potion of curing.
You feel better.
909 ||| (to cure confusion) Sigmund mumbles some strange words.
Sigmund flickers and vanishes!
Deactivating autopickup; reactivate with Ctrl-A.
You shoot a sling bullet. You shoot a sling bullet. You shoot a sling bullet.
You shoot a sling bullet. Something hits you but does no damage.
You shoot a sling bullet. Something hits you.
You shoot a sling bullet. Something barely misses you.
You shoot a sling bullet.
You hear some strange, mumbled words.
A puff of flame appears from out of thin air!
The puff of flame hits you.
You shoot a sling bullet. Something hits you!
You shoot a sling bullet. You shoot a sling bullet.
You hear some strange, mumbled words.
Something tries to affect you, but you resist.
Something hits you!
You shoot a sling bullet. You shoot a sling bullet. Something hits you!
You die...

#..##### #....... #
##.##### #. ##'## #.
##...## ##.####
##.....## #..{#.##
##.......##
####)#....####.....!...#
.......@.....'.......).'
#######>..####.........#
##.## ##.......## #.#
##.....## #.# ##...##
#.# ##+## #.# #.# #.#


There were no monsters in sight!

Vanquished Creatures
  An adder (D:2)
  2 ball pythons (D:1)
  3 bats
  4 endoplasms
  A giant cockroach (D:1)
  4 goblins
  5 hobgoblins
  4 kobolds (D:1)
  2 quokkas (D:1)
  A frilled lizard (D:1)
  3 rats (D:1)
30 creatures vanquished.

Notes
Turn   | Place    | Note
-------+----------+-------------------------------------------
     0 | D:1      | qw the Minotaur Hexslinger began the quest for the Orb.
     0 | D:1      | Reached XP level 1. HP: 16/16 MP: 1/1
     0 | D:1      | 0 ||| qw: Version: 0.3-a-46-gb1f654a
     0 | D:1      | 0 ||| qw: Game counter: 3301
     0 | D:1      | 0 ||| qw: Melee chars always use a shield: true
     0 | D:1      | 0 ||| qw: God list: Okawaru
     0 | D:1      | 0 ||| qw: Allow faded altars: false
     0 | D:1      | 0 ||| qw: Do Orc after clearing Dungeon:15 true
     0 | D:1      | 0 ||| qw: Do second Lair branch before Depths: true
     0 | D:1      | 0 ||| qw: Lair rune preference: random
     0 | D:1      | 0 ||| qw: Goals: Normal
     0 | D:1      | 0 ||| PLANNING D:1-11
   108 | D:1      | Reached skill level 3 in Ranged Weapons
   116 | D:1      | Reached XP level 2. HP: 23/23 MP: 2/2
   692 | D:1      | 692 ||| DROPPING amulet of magic regeneration.
   693 | D:1      | 693 ||| READING scroll labelled XEIXKY YMPACA.
   694 | D:1      | 694 ||| READING scroll labelled XUGA QIUSMUDD.
   699 | D:1      | 699 ||| DRINKING 2 bubbling inky potions.
   700 | D:1      | 700 ||| DRINKING 2 grey potions.
   701 | D:1      | 701 ||| DROPPING scroll of poison.
   702 | D:1      | 702 ||| DROPPING potion of brilliance.
   726 | D:2      | Reached XP level 3. HP: 29/29 MP: 3/3
   904 | D:2      | Reached skill level 4 in Ranged Weapons
   908 | D:2      | Noticed Sigmund
   909 | D:2      | 909 ||| DRINKING potion of curing.
   909 | D:2      | 909 ||| (to cure confusion)
   919 | D:2      | HP: 7/29 [something (8)]
   921 | D:2      | Slain by Sigmund

Levels and vault maps discovered:
D:1:      scummos_arrival_star, layout_basic
D:2:      layout_loops_corners, serial_shops, shop, serial_forest,
          infiniplex_forest_lined_1, infiniplex_forest_clump_medium,
          infiniplex_forest_clump_small, infiniplex_forest_straight_1,
          infiniplex_forest_straight_2, infiniplex_forest_clump_long,
          infiniplex_forest_clump_medium, uniq_crazy_yiuf_cottage, uniq_jessica,
          uniq_sigmund

Skill      XL: |  1  2  3 |
---------------+----------+-----
Ranged Weapons | 3 4 |  4.0
Fighting       | 2 |  2.0
Dodging        | |  2.1
Spellcasting   | |  1.0
Hexes          | |  2.0

Action                     || total
---------------------------++-------
   Fire: Sling             ||    87
    Use: Potion            ||     3
         Scroll            ||     2
 Armour: Robe              ||    10
  Dodge: Dodged            ||    18

Table legend:
 A = Non-vault XP
 B = Vault XP
 C = Vault XP percentage of total XP
 D = Non-vault monster count
 E = Vault monster count
 F = Vault count percentage of total count
                 A         B        C        D         E       F
            +---------+---------+-------+---------+---------+-------
      Total |      62 |       0 |   0.0 |      30 |       0 |   0.0
            +---------+---------+-------+---------+---------+-------
        D:1 |      40 |       0 |   0.0 |      24 |       0 |   0.0
        D:2 |      22 |       0 |   0.0 |       6 |       0 |   0.0
            +---------+---------+-------+---------+---------+-------
